 Dungeon Crawl Stone Soup version 0.25-a0-737-g26c3a87c45 (webtiles) character file.

Game seed: 9774790877623520527, levelgen mode: deterministic

13050 Astera the Blocker (level 11, -3/100 HPs)
             Began as a Minotaur Fighter on Apr 11, 2020.
             Was an Elder of Ashenzari.
             Killed from afar by an electric eel (16 damage)
             ... with a bolt of electricity
             ... on level 11 of the Dungeon on Apr 12, 2020.
             The game lasted 01:24:53 (13198 turns).

Astera the Blocker (Minotaur Fighter)              Turns: 13198, Time: 01:24:54

Health: -3/100     AC: 21    Str: 32    XL:     11   Next: 70%
Magic:  10/10      EV:  8    Int:  5    God:    Ashenzari [****..]
Gold:   566        SH: 15    Dex:  9    Spells: 10/10 levels left

rFire    . . .     SeeInvis +   s - +2 morningstar (freeze)
rCold    . . .     Gourm    .   c - +0 kite shield (curse)
rNeg     . . .     Faith    .   K - +0 plate armour
rPois    .         Spirit   .   (helmet restricted)
rElec    .         Reflect  .   B - +0 cloak
rCorr    .         Harm     .   x - +0 pair of gloves
MR       .....     Clarity  +   H - +2 pair of boots
Stlth    ..........             (no amulet)
HPRegen  0.26/turn              r - +2 ring of strength (curse)
MPRegen  0.12/turn              C - +5 ring of strength (curse)

@: studying Maces & Flails
A: retaliatory headbutt, horns 2
a: Curse Item, Scrying, Renounce Religion


You were on level 11 of the Dungeon.
You worshipped Ashenzari.
Ashenzari was greatly pleased with you.
You were hungry.

You visited 1 branch of the dungeon, and saw 11 of its levels.
You also visited: Sewer.

You collected 626 gold pieces.
You spent 60 gold pieces at shops.

Inventory:

Hand Weapons
 i - a +2 flail of venom
 s - a +2 morningstar of freezing (weapon)
 I - a +3 scimitar of flaming
Armour
 c - a cursed +0 kite shield (worn)
 x - a +0 pair of gloves (worn)
 B - a +0 cloak (worn)
 D - a +0 tower shield
 H - a +2 pair of boots (worn)
 K - a +0 plate armour (worn)
Jewellery
 r - a cursed +2 ring of strength (left hand)
 C - a cursed +5 ring of strength (right hand)
 M - an uncursed ring of flight
Wands
 a - a wand of acid (20)
 g - a wand of disintegration (11)
 u - a wand of flame (25)
 z - a wand of polymorph (21)
Scrolls
 b - 2 scrolls of fog {unknown}
 e - 4 scrolls of fear
 h - 2 scrolls of random uselessness {unknown}
 j - a scroll of identify
 l - a scroll of noise {unknown}
 m - 9 scrolls of teleportation
 n - 5 scrolls of immolation
 q - a scroll of enchant armour {unknown}
 v - 3 scrolls of blinking
 y - a scroll of enchant weapon {unknown}
 E - 2 scrolls of magic mapping
 G - 6 scrolls of remove curse
 N - a scroll of silence {unknown}
Potions
 d - 3 potions of might
 k - 11 potions of curing
 o - a potion of cancellation
 p - a potion of ambrosia
 t - 4 potions of lignification
 w - 2 potions of magic
 A - 2 potions of stabbing
 J - a potion of resistance
 L - 2 potions of berserk rage
 O - a potion of heal wounds
Books
 F - a manual of Maces & Flails
Miscellaneous
 P - a box of beasts
Comestibles
 f - 15 rations


   Skills:
 + Level 10.3 Fighting
 - Level 8.5 Long Blades
 * Level 12.2 Maces & Flails
 + Level 10.2 Armour
 * Level 13.5(15.5) Shields


You had 10 spell levels left.
You didn't know any spells.
Your spell library contained the following spells:

 Spells                   Type           Power        Failure   Level  Hunger
 Animate Skeleton         Necr           N/A          97%         1    ##.....
 Freeze                   Ice            #...         97%         1    ##.....
 Pain                     Necr           #...         97%         1    ##.....
 Frozen Ramparts          Ice            #.....       100%        3    ####...
 Ozocubu's Armour         Chrm/Ice       #.......     100%        3    ####...
 Vampiric Draining        Necr           #.........   100%        3    ####...
 Animate Dead             Necr           N/A          100%        4    #####..
 Hailstorm                Conj/Ice       #.......     100%        4    #####..
 Summon Ice Beast         Ice/Summ       #.......     100%        4    #####..
 Agony                    Necr           #.......     100%        5    ######.


Dungeon Overview and Level Annotations

Branches:
Dungeon (11/15)            Temple (0/1) D:4            Lair (0/6) D:11
  Sewer (visited)
    Orc: D:9-12

Altars:
Ashenzari
Dithmenos
Elyvilon
Kikubaaqudgha
Nemelex Xobeh
Okawaru
Wu Jian
Xom
Yredelemnul

Shops:
D:5 **(


Innate Abilities, Weirdness & Mutations

You reflexively headbutt those who attack you in melee.
You have a pair of horns on your head.


Message History

The bolt of electricity hits you.
* * * LOW HITPOINT WARNING * * *
The electric eel shoots out a bolt of lightning at you!
The bolt of electricity hits you.
* * * LOW HITPOINT WARNING * * *
The electric eel shoots out a bolt of lightning at you!
The bolt of electricity hits you!
* * * LOW HITPOINT WARNING * * *
The electric eel shoots out a bolt of lightning at you!
The bolt of electricity hits you but does no damage.
You feel less invigorated.
You feel less confused.
The electric eel shoots out a bolt of lightning at you!
The bolt of electricity hits you!
* * * LOW HITPOINT WARNING * * *
The electric eel shoots out a bolt of lightning at you!
The bolt of electricity hits you but does no damage.
The electric eel shoots out a bolt of lightning at you!
The bolt of electricity hits you!
You die...

######### #.......######
#............P
#...P≈≈≈(.....*
##########...;≈≈≈......**
#.).....@....;≈≈≈≈PP.P.
#.....###.....≈≈≈≈≈≈... ,
#.....# #.....≈≈≈≈≈≈.≈. *
#.....# #.....≈≈≈≈≈≈≈P. *
#.....# #.....P≈≈≈≈≈≈..*
#...>.# #......≈≈≈≈P..
#.....# #..P.P..≈≈..., *
#.....# #......P.....,
#.....###........... *


You could see 2 electric eels.

Vanquished Creatures
  A centaur warrior (D:10)
  Erica (D:8)
  An unseen horror (D:10)
  Maurice (D:10)
  An ugly thing (D:10)
  A gargoyle (D:10)
  2 centaur skeletons (D:10)
  A kobold demonologist (D:10)
  A freezing wraith (D:10)
  A troll (D:10)
  A hornet (D:10)
  Grinder (D:6)
  A meliai zombie (D:10)
  A water elemental (D:11)
  Sigmund (D:1)
  A vampire (D:7)
  A wraith (D:10)
  A shadow (D:11)
  13 yaks
  Edmund (D:4)
  A water moccasin (D:7)
  Duvessa (D:5)
  2 ice beasts
  3 orc warriors
  3 sky beasts
  Purgy (Sewer)
  2 phantoms
  6 ogres
  An eye of draining (D:10)
  3 centaurs
  2 wolves
  A crocodile (D:9)
  2 big kobolds (D:10)
  A wyvern zombie (D:11)
  2 gnoll sergeants
  5 bullfrogs
  Dowan (D:5)
  4 scorpions
  A killer bee (D:7)
  11 wights
  3 howler monkeys
  An electric eel (D:11)
  3 bullfrog zombies
  A crimson imp (D:10)
  12 orc priests
  11 hounds
  3 jellies
  12 orc wizards
  A gnoll shaman (D:9)
  Jessica (D:3)
  Terence (D:3)
  2 iguanas
  7 worker ants
  Natasha (thrice) (D:4)
  A killer bee zombie (D:6)
  2 hound skeletons
  2 worker ant zombies
  16 gnolls
  2 howler monkey skeletons
  12 adders
  2 oozes
  An adder zombie (D:8)
  An adder skeleton (D:7)
  5 worms
  3 dart slugs
  6 leopard geckos
  33 orcs
  2 giant cockroaches (D:1)
  8 goblins
  12 hobgoblins
  18 jackals
  3 quokkas
  3 ball pythons
  4 bats
  12 frilled lizards
  20 kobolds
  2 leopard gecko skeletons
  A leopard gecko zombie (D:6)
  9 rats
327 creatures vanquished.

Vanquished Creatures (others)
  3 jackals (D:6)
  A fungus (D:11)
  2 plants (D:5)
6 creatures vanquished.

Grand Total: 333 creatures vanquished

Notes
Turn   | Place    | Note
-------+----------+-------------------------------------------
     0 | D:1      | Astera the Minotaur Fighter began the quest for the Orb.
     0 | D:1      | Reached XP level 1. HP: 19/19 MP: 0/0
   148 | D:1      | Reached XP level 2. HP: 27/27 MP: 1/1
   170 | D:1      | Reached skill level 4 in Shields
   380 | D:1      | Reached XP level 3. HP: 30/33 MP: 2/2
   858 | D:2      | Found a faded altar of an unknown god.
   873 | D:2      | Became a worshipper of Ashenzari the Shackled
   873 | D:2      | Reached * piety under Ashenzari
   946 | D:2      | Noticed Sigmund
  1089 | D:2      | Reached XP level 4. HP: 33/40 MP: 3/3
  1209 | D:2      | Reached skill level 5 in Shields
  1266 | D:2      | Found a white marble altar of Elyvilon.
  1403 | D:3      | Noticed Terence
  1428 | D:3      | Killed Terence
  1428 | D:3      | Reached XP level 5. HP: 32/47 MP: 4/4
  1571 | D:3      | Noticed Jessica
  1592 | D:3      | Killed Jessica
  1700 | D:3      | Found an ornate altar of the Wu Jian Council.
  2168 | D:4      | Noticed Edmund
  2182 | D:4      | Killed Edmund
  2182 | D:4      | Reached skill level 6 in Shields
  2182 | D:4      | Reached XP level 6. HP: 30/55 MP: 5/5
  2354 | D:4      | Found a staircase to the Ecumenical Temple.
  2368 | D:4      | Reached skill level 5 in Armour
  2382 | D:4      | Found a glowing drain.
  2395 | D:4      | Reached skill level 5 in Fighting
  2409 | Sewer    | Entered a sewer
  2500 | Sewer    | Noticed Purgy
  2516 | Sewer    | Killed Purgy
  2791 | D:4      | Reached XP level 7. HP: 57/61 MP: 6/6
  2894 | D:4      | Noticed Natasha
  2913 | D:4      | Killed Natasha
  3066 | D:4      | Reached skill level 7 in Shields
  3167 | D:4      | Found an ancient bone altar of Kikubaaqudgha.
  3268 | D:4      | Noticed Natasha
  3276 | D:4      | Killed Natasha
  3281 | D:4      | Found a snail-covered altar of Cheibriados.
  3281 | D:4      | Found a basalt altar of Yredelemnul.
  3283 | D:4      | Found a shimmering altar of Xom.
  3283 | D:4      | Found a sparkling altar of Nemelex Xobeh.
  3283 | D:4      | Found a shadowy altar of Dithmenos.
  3288 | D:4      | Noticed Natasha
  3301 | D:4      | Killed Natasha
  3652 | D:1      | Killed Sigmund
  3652 | D:1      | Reached skill level 5 in Long Blades
  3792 | D:5      | Entered Level 5 of the Dungeon
  3812 | D:5      | Noticed Dowan
  3815 | D:5      | Noticed Duvessa
  3980 | D:5      | Found Eneanext's General Store.
  4115 | D:5      | Reached XP level 8. HP: 58/70 MP: 7/7
  4134 | D:5      | Found Mykhinai's Antique Weapon Shoppe.
  4207 | D:5      | Reached skill level 8 in Shields
  4334 | D:5      | Reached ** piety under Ashenzari
  4552 | D:5      | Found Xuystriohe's General Store.
  4710 | D:5      | Bought a potion of heal wounds for 60 gold pieces
  5121 | D:5      | Killed Dowan
  5354 | D:5      | Killed Duvessa
  5354 | D:5      | Reached skill level 9 in Shields
  5810 | D:6      | Reached XP level 9. HP: 79/79 MP: 8/8
  5947 | D:6      | Noticed Grinder
  5973 | D:6      | Killed Grinder
  6212 | D:6      | Reached skill level 10 in Shields
  6823 | D:7      | HP: 3/81 [vampire/vampiric draining (16)]
  7542 | D:8      | Reached skill level 11 in Shields
  7609 | D:8      | Found an iron altar of Okawaru.
  7687 | D:8      | Reached skill level 1 in Maces & Flails
  8056 | D:8      | Noticed Erica
  8779 | D:8      | Killed Erica
  8779 | D:8      | Reached skill level 5 in Maces & Flails
  8779 | D:8      | Reached XP level 10. HP: 76/90 MP: 9/9
  8982 | D:9      | Reached *** piety under Ashenzari
  9908 | D:9      | Reached skill level 12 in Shields
 10402 | D:10     | Entered Level 10 of the Dungeon
 10410 | D:10     | Upgraded the game from 0.25-a0-734-g73332aeda9 to
                  | 0.25-a0-737-g26c3a87c45
 10489 | D:10     | Noticed an unseen horror
 10496 | D:10     | Killed an unseen horror
 10545 | D:10     | Noticed a gargoyle
 10556 | D:10     | Killed a gargoyle
 10773 | D:10     | Reached XP level 11. HP: 94/97 MP: 10/10
 11031 | D:10     | Reached **** piety under Ashenzari
 11181 | D:10     | Reached skill level 10 in Maces & Flails
 11558 | D:10     | Noticed Maurice
 11573 | D:10     | Killed Maurice
 11573 | D:10     | Reached skill level 13 in Shields
 11774 | D:10     | Noticed a centaur warrior
 11793 | D:10     | Killed a centaur warrior
 11793 | D:10     | Reached skill level 10 in Fighting
 12111 | D:10     | Reached skill level 10 in Armour
 12217 | D:11     | Noticed a green ugly thing
 12226 | D:10     | Killed a green ugly thing
 12421 | D:11     | Found a staircase to the Lair.
 12439 | D:11     | Noticed a death knight
 12440 | D:11     | Noticed a phantasmal warrior
 13198 | D:11     | Killed from afar by an electric eel

Levels and vault maps discovered:
D:1:      minmay_arrival_radiant_lines, layout_loops_ring, hex_medium,
          minmay_crystal_water
D:2:      layout_loops_ring, chequers_ecumenical_altar_simple,
          lemuel_statue_altar, uniq_sigmund
D:3:      layout_rooms, lemuel_doored_altar, patterned_corridor, uniq_terence,
          uniq_jessica
D:4:      layout_basic, minmay_temple_entry_trees,
          cheibrodos_sewer_entry_sluice, hangedman_decor_push,
          doesnt_xom_only_xom, uniq_natasha, uniq_edmund
D:5:      minmay_recursive_quarters, layout_basic, serial_shops, shop, shop,
          nicolae_shop_overgrown_old_shop, first_ration,
          minmay_misc_feat_pillars, chequers_big_river, dk_noncrumbling_4,
          uniq_duvessa
D:6:      layout_loops_cross, dk_noncrumbling_3, lemuel_flamethrower_2,
          uniq_grinder
D:7:      layout_rooms, minmay_manual_mandibuliform
D:8:      layout_basic, basic_altar, uniq_erica
D:9:      layout_grid_maze
D:10:     layout_grid_maze, uniq_maurice
D:11:     layout_long_grid, erik_lair_island, special_room [special_room_orc],
          hangedman_fish_farm, fungi_pond_lemuel

Skill      XL: |  1  2  3  4  5  6  7  8  9 10 11 |
---------------+----------------------------------+-----
Shields        | 4 5 6 7 9 11 12 13 | 13.5
Fighting       | 4 5 6 7 8 9 10 | 10.3
Armour         | 4 5 6 7 8 9 10 | 10.2
Long Blades    | 3 4 5 6 7 8 |  8.5
Maces & Flails | 5 9 12 | 12.2

Action                   |  1- 3 |  4- 6 |  7- 9 | 10-12 || total
-------------------------+-------+-------+-------+-------++-------
Melee: Long sword        |    99 |   188 |   386 |       ||   673
       Headbutt          |    13 |    30 |   109 |    74 ||   226
       Flail             |       |       |    67 |    18 ||    85
       Morningstar       |       |       |       |   330 ||   330
Invok: Curse Item        |       |     2 |       |       ||     2
Evoke: Box of beasts     |       |       |       |     1 ||     1
  Use: Scroll            |       |       |     6 |     7 ||    13
       Potion            |       |       |     4 |     1 ||     5
  Eat: Chunk             |     1 |     6 |    15 |    15 ||    37
       Ration            |       |       |     1 |       ||     1
Armor: Scale mail        |    51 |    84 |   189 |     6 ||   330
       Plate armour      |       |       |       |   137 ||   137
Dodge: Dodged            |    38 |    53 |   109 |    82 ||   282
Block: Kite shield       |    51 |    97 |   280 |   267 ||   695
       Rpst.: Long sword |     9 |    11 |    30 |       ||    50

Table legend:
 A = Non-vault XP
 B = Vault XP
 C = Vault XP percentage of total XP
 D = Non-vault monster count
 E = Vault monster count
 F = Vault count percentage of total count
                 A         B        C        D         E       F
            +---------+---------+-------+---------+---------+-------
      Total |   14634 |    4009 |  21.5 |     289 |      38 |  11.6
            +---------+---------+-------+---------+---------+-------
        D:1 |      58 |     208 |  78.2 |      29 |       1 |   3.3
        D:2 |     100 |       0 |   0.0 |      29 |       0 |   0.0
        D:3 |      39 |      73 |  65.2 |      22 |       2 |   8.3
        D:4 |     367 |     210 |  36.4 |      22 |       5 |  18.5
        D:5 |    1034 |     335 |  24.5 |      29 |       5 |  14.7
        D:6 |     640 |     277 |  30.2 |      12 |       1 |   7.7
        D:7 |     955 |     585 |  38.0 |      27 |       5 |  15.6
        D:8 |     468 |     912 |  66.1 |      13 |       1 |   7.1
        D:9 |    1969 |       0 |   0.0 |      33 |       0 |   0.0
       D:10 |    8196 |    1074 |  11.6 |      59 |       7 |  10.6
       D:11 |     808 |     196 |  19.5 |      14 |       3 |  17.6
      Sewer |       0 |     139 | 100.0 |       0 |       8 | 100.0
            +---------+---------+-------+---------+---------+-------
